 Dungeon Crawl Stone Soup version 0.30.0-5-g1a98f26d00 (webtiles) character file.

Game seed: 7387227125613784511

1564 Sanktem7 the Trooper (level 8, -8/71 HPs)
             Began as a Minotaur Fighter on May 12, 2023.
             Mangled by a gnoll
             ... wielding a +0 halberd
             ... led by a gnoll sergeant
              (9 damage)
             ... on level 6 of the Dungeon.
             The game lasted 00:06:50 (4788 turns).

Sanktem7 the Trooper (Minotaur Fighter)             Turns: 4788, Time: 00:06:50

Health: -8/71      AC: 15    Str: 23    XL:     8   Next: 58%
Magic:  7/7        EV:  8    Int:  5    God:
Gold:   467        SH:  5    Dex: 10    Spells: 7/7 levels left

rFire   + . .        a - +0 war axe {axe}
rCold   x . .        c - +0 buckler
rNeg    + . .        A - +0 chain mail
rPois   .            (helmet restricted)
rElec   .            e - +2 cloak
rCorr   .            q - +0 pair of gloves
SInv    .            (no boots)
Will    .....        (no amulet) Stlth
                     s - ring of positive energy
HPRegen 0.31/turn    l - ring of fire
MPRegen 0.10/turn

%: no passive effects
@: no status effects
A: horns 2, retaliatory headbutt
a: no special abilities


You were on level 6 of the Dungeon.
You visited 1 branch of the dungeon, and saw 6 of its levels.
You also visited: Sewer.

You collected 467 gold pieces.


Innate Abilities, Weirdness & Mutations

You have a pair of horns on your head.
You reflexively headbutt those who attack you in melee.


   Skills:
 + Level 6.8 Fighting
 + Level 6.2 Axes
 + Level 4.5 Throwing
 + Level 6.8 Armour
 + Level 6.8 Shields


You had 7 spell levels left.
You didn't know any spells.
Your spell library contained the following spells:

 Spells                   Type           Power      Damage    Failure   Level
 Magic Dart               Conj           0%         1d3       97%         1
 Searing Ray              Conj           0%         2d4       99%         2
 Hailstorm                Conj/Ice       0%         3d3       100%        3
 Fulminant Prism          Conj/Hex       0%         3d5       100%        4
 Ice Form                 Ice/Tmut       0%         N/A       100%        4
 Leda's Liquefaction      Hex/Erth       0%         N/A       100%        4
 Lee's Rapid Deconstruct  Erth           0%         3d4*      100%        5
 Simulacrum               Ice/Necr       0%         N/A       100%        6
 Statue Form              Tmut/Erth      0%         N/A       100%        6

Inventory:

Hand Weapons
 a - a +0 war axe (weapon) {axe}
 i - the +1 long sword of Distraction {antimagic, rElec rF+ Will- Str+4, long}
   (You found it on level 4 of the Dungeon)

   Str:       It affects your strength (+4).
   rF:        It protects you from fire.
   rElec:     It insulates you from electricity.
   Will:      It decreases your willpower.
Missiles
 h - 2 boomerangs {throwing}
 m - 52 stones (quivered) {throwing}
 u - 14 poisoned darts {throwing}
Armour
 c - a +0 buckler (worn)
 e - a +2 cloak (worn)
   (You found it on level 1 of the Dungeon)
 q - a +0 pair of gloves (worn)
   (You found it on level 2 of the Dungeon)
 A - a +0 chain mail (worn)
   (You found it on level 3 of the Dungeon)
Jewellery
 l - a ring of fire (right hand)
   (You found it on level 1 of the Dungeon)
 s - a ring of positive energy (left hand)
   (You found it on level 2 of the Dungeon)
 t - a +6 ring of intelligence
   (You found it on level 5 of the Dungeon)
 C - a ring of see invisible
   (You found it on level 6 of the Dungeon)
 D - a ring of fire
   (You found it on level 6 of the Dungeon)
Wands
 n - a wand of flame (15)
   (You found it on level 4 of the Dungeon)
Scrolls
 g - a scroll of butterflies {unknown}
 k - 3 scrolls of teleportation {unknown}
 p - 6 scrolls of identify {unknown}
 y - a scroll of immolation {unknown}
 B - a scroll of enchant weapon {unknown}
Potions
 b - 3 potions of cancellation {unknown}
 d - 3 potions of might
 f - 4 potions of curing {unknown}
 j - a potion of berserk rage {unknown}
 o - a potion of magic {unknown}
 r - 7 potions of heal wounds {unknown}
 v - a potion of resistance {unknown}
 w - 2 potions of mutation {unknown}
 x - 3 potions of haste {unknown}
 z - 2 potions of invisibility {unknown}

Dungeon Overview and Level Annotations

Branches:
Dungeon (6/15) Zot: 26392   Sewer (visited)
 Temple: D:4-7

Altars:
Gozag

Shops:
D:5

( ##### #.# ...# #.#
#.#####.##
#........##
###.........#
#..........## #
#.#.............#
#.##.#gg...#.#######
#....@)#####.#
####)### #+# #.# #.#
#†# #....# #......
........## .##......


You could see a gnoll sergeant and a gnoll.


Message History

😕 HP[+1]
You hit the howler monkey. Your headbutt misses the howler monkey.
The howler monkey hoots and howls with incredible vigour!
The howler monkey barely misses you.
You hear a shout!
You barely miss the howler monkey.
The howler monkey barely misses you. 😕 HP[+1]
You slash the howler monkey!
You kill the howler monkey!
You see here a howler monkey corpse.
A gnoll comes into view. It is wielding a +0 whip. 😕 HP[+5]
You regained 5 hp, and now have 64/71 hp.
A gnoll is nearby!
A gnoll is nearby!
A gnoll is nearby!
The gnoll shouts! 2 gnolls come into view.
The gnoll shouts! x2
The gnoll closely misses you.
The gnoll moves out of view.
You hit the gnoll but do no damage. You headbutt the gnoll.
The gnoll hits you but does no damage. 😕 HP[+1]
You slash the gnoll!
You kill the gnoll!
The gnoll hits you from afar with a +0 halberd.
The gnoll closely misses you. 😕 HP[-4]
You take 4 damage, and now have 61/71 hp.
A gnoll comes into view. It is wielding a +0 halberd.
The gnoll shouts!
The gnoll hits you but does no damage.
A gnoll sergeant comes into view.
It is wielding a +3 trident of protection.
Things that are here:
a +0 whip {mace}; a throwing net {=f!fthrowing}; a gnoll corpse You closely miss the gnoll.
You block the gnoll's attack. 😕 HP[+1]
You closely miss the gnoll. The gnoll barely misses you.
The gnoll hits you but does no damage.
You barely miss the gnoll. You headbutt the gnoll! The gnoll barely misses you.
You furiously retaliate!
You headbutt the gnoll!
You kill the gnoll!
The gnoll barely misses you.
There are monsters nearby!
The gnoll hits you with a +0 halberd. You block the gnoll's attack.
You see here a +0 halberd {polearm}. 😕 HP[-5]
You take 5 damage, and now have 57/71 hp.
You closely miss the gnoll. Your headbutt misses the gnoll. You hit the gnoll.
The gnoll hits you with a +0 halberd! x2
The gnoll sergeant hits you from afar with a +3 trident of protection.
* * * LOW HITPOINT WARNING * * *
The gnoll sergeant hits you from afar with a +3 trident of protection!
* * * LOW HITPOINT WARNING * * *
The gnoll hits you but does no damage. You block the gnoll's attack.
You are too injured to fight recklessly!
You are too injured to fight recklessly!
You are too injured to fight recklessly!
You are too injured to fight recklessly!
You are too injured to fight recklessly! 😨 HP[-35]
You take 35 damage, and now have 22/71 hp.
MASSIVE DAMAGE!! (PAUSE)
You closely miss the gnoll. Your headbutt misses the gnoll. You hit the gnoll.
The gnoll hits you with a +0 halberd.
* * * LOW HITPOINT WARNING * * *
The gnoll hits you with a +0 halberd!
* * * LOW HITPOINT WARNING * * *
The gnoll sergeant hits you but does no damage. 😱 HP[-7]
You take 7 damage, and now have 15/71 hp.
You barely miss the gnoll. Your headbutt misses the gnoll.
You completely miss the gnoll. The gnoll closely misses you.
You block the gnoll's attack.
The gnoll sergeant hits you but does no damage.
You barely miss the gnoll. Your headbutt misses the gnoll.
You hit the gnoll but do no damage. You block the gnoll's attack.
The gnoll sergeant hits you from afar with a +3 trident of protection.
* * * LOW HITPOINT WARNING * * *
You block the gnoll's attack. 😱 HP[-5]
You take 5 damage, and now have 10/71 hp.
You barely miss the gnoll. x2; The gnoll closely misses you.
The gnoll hits you but does no damage.
The gnoll sergeant closely misses you. 😱 HP[+1]
You barely miss the gnoll. Your headbutt misses the gnoll.
You hit the gnoll but do no damage. The gnoll barely misses you.
You furiously retaliate!
You headbutt the gnoll. The gnoll hits you with a +0 halberd!
* * * LOW HITPOINT WARNING * * *
The gnoll sergeant completely misses you.
The gnoll sergeant hits you but does no damage.
The gnoll hits you but does no damage. You block the gnoll's attack. 😱 HP[-10]
You take 10 damage, and now have 1/71 hp.
The gnoll attacks as you move away! The gnoll closely misses you.
You furiously retaliate!
You headbutt the gnoll!
You kill the gnoll!
The gnoll attacks as you move away! The gnoll hits you with a +0 halberd!
You die...

Skill      XL: |  1  2  3  4  5  6  7  8 |
---------------+-------------------------+-----
Throwing       | 1 2 3 4 |  4.5
Fighting       | 4 5 6 |  6.8
Shields        | 4 5 6 |  6.8
Armour         | 4 5 6 |  6.8
Axes           | 3 4 5 6 |  6.2

Action                     |  1- 3 |  4- 6 |  7- 9 || total
---------------------------+-------+-------+-------++-------
  Melee: War axe           |    72 |   172 |   124 ||   368
         Headbutt          |    12 |    16 |    22 ||    50
 Armour: Scale mail        |    36 |    71 |       ||   107
         Chain mail        |       |    41 |   100 ||   141
  Dodge: Dodged            |    39 |   107 |    56 ||   202
  Block: Buckler           |    15 |    50 |    36 ||   101

Levels and vault maps discovered:
D:1:      psy_arrival_whirlpool, layout_rooms, corexii_corridor_pit
D:2:      layout_basic, basic_altar
D:3:      layout_basic, portal_sewer_entry_f
D:4:      layout_basic
D:5:      layout_rooms, serial_shops, nicolae_stop_n_shop_1
D:6:      layout_loops_corners, uniq_menkaure

Notes
Turn   | Place    | Note
-------+----------+-------------------------------------------
     0 | D:1      | Sanktem7 the Minotaur Fighter began the quest for the Orb.
     0 | D:1      | Reached XP level 1. HP: 19/19 MP: 0/0
     0 | D:1      | magus.rc [v1.9.6]
    50 | D:1      | Reached XP level 2. HP: 25/27 MP: 1/1
   424 | D:1      | Reached skill level 1 in Throwing
   428 | D:1      | Reached XP level 3. HP: 27/33 MP: 2/2
   430 | D:1      | Reached skill level 4 in Fighting
   430 | D:1      | Reached skill level 4 in Shields
   614 | D:2      | Reached skill level 4 in Armour
   646 | D:2      | Reached skill level 3 in Axes
   922 | D:2      | Reached XP level 4. HP: 38/40 MP: 3/3
   962 | D:2      | Found an opulent altar of Gozag.
   970 | D:2      | You pick up a book of the Tundra and begin reading...
   970 | D:2      | You add the spells Hailstorm, Ice Form and Simulacrum to
                  | your library.
   972 | D:2      | You pick up a book of Conjurations {@e2} and begin
                  | reading...
   972 | D:2      | You add the spells Magic Dart, Searing Ray and Fulminant
                  | Prism to your library.
  1164 | D:3      | Found a glowing drain.
  1180 | Sewer    | Entered a sewer
  1304 | Sewer    | Noticed a kobold brigand
  1318 | Sewer    | Killed a kobold brigand
  1319 | Sewer    | Reached skill level 2 in Throwing
  1319 | Sewer    | Reached XP level 5. HP: 36/47 MP: 4/4
  1399 | Sewer    | HP: 9/47 [adder (3)]
  1600 | Sewer    | Reached skill level 4 in Axes
  1671 | Sewer    | Reached XP level 6. HP: 42/55 MP: 5/5
  1766 | Sewer    | Reached skill level 5 in Fighting
  1766 | Sewer    | Reached skill level 5 in Armour
  1923 | D:3      | Reached skill level 5 in Shields
  2773 | D:4      | Identified the +1 long sword of Distraction {antimagic,
                  | rElec rF+ Will- Str+4}
  3327 | D:5      | Entered Level 5 of the Dungeon
  3335 | D:5      | Reached skill level 3 in Throwing
  3335 | D:5      | Reached XP level 7. HP: 51/61 MP: 6/6
  3345 | D:5      | Found Picosog's Antique Weapon Shoppe.
  3368 | D:5      | HP: 13/61 [iguana (6)]
  3370 | D:5      | HP: 5/61 [iguana (8)]
  3416 | D:5      | Reached skill level 5 in Axes
  3764 | D:5      | Reached skill level 6 in Armour
  3892 | D:5      | Reached skill level 6 in Fighting
  3892 | D:5      | Reached skill level 6 in Shields
  4103 | D:5      | Reached XP level 8. HP: 47/70 MP: 7/7
  4190 | D:5      | You pick up a book of the Earth and begin reading...
  4190 | D:5      | You add the spells Leda's Liquefaction, Lee's Rapid
                  | Deconstruction and Statue Form to your library.
  4195 | D:6      | Noticed Menkaure
  4203 | D:6      | Killed Menkaure
  4204 | D:6      | Reached skill level 4 in Throwing
  4607 | D:6      | Reached skill level 6 in Axes
  4783 | D:6      | HP: 15/71 [gnoll/+0 halberd[a gnoll sergeant] (7)]
  4787 | D:6      | HP: 1/71 [gnoll/+0 halberd[a gnoll sergeant] (10)]
  4788 | D:6      | Mangled by a gnoll

Vanquished Creatures
  Menkaure (D:6)
  An ice beast (D:6)
  A black bear (D:5)
  A phantom (D:5)
  2 kobold brigands (Sewer)
  A bullfrog (D:6)
  A gnoll sergeant (D:6)
  2 scorpions (D:5)
  3 howler monkeys
  An orc priest (D:6)
  3 jellies
  4 iguanas
  A sleepcap (D:5)
  2 orc wizards
  8 gnolls (D:6)
  8 river rats (Sewer)
  13 adders
  A white imp (D:5)
  A worm (D:4)
  4 dart slugs
  14 orcs
  7 endoplasms
  8 giant cockroaches
  4 hobgoblins
  4 jackals (D:1)
  7 quokkas
  8 ball pythons
  5 bats
  5 frilled lizards
  4 goblins
  16 kobolds
  24 rats
165 creatures vanquished.

Table legend:
 A = Non-vault XP
 B = Vault XP
 C = Vault XP percentage of total XP
 D = Non-vault monster count
 E = Vault monster count
 F = Vault count percentage of total count
                 A         B        C        D         E       F
            +---------+---------+-------+---------+---------+-------
      Total |    1688 |     561 |  24.9 |     115 |      50 |  30.3
            +---------+---------+-------+---------+---------+-------
        D:1 |      43 |       0 |   0.0 |      24 |       0 |   0.0
        D:2 |      60 |       0 |   0.0 |      15 |       0 |   0.0
        D:3 |      51 |      10 |  16.4 |      21 |       5 |  19.2
        D:4 |     175 |       0 |   0.0 |      15 |       0 |   0.0
        D:5 |     753 |       0 |   0.0 |      22 |       0 |   0.0
        D:6 |     606 |     172 |  22.1 |      18 |       1 |   5.3
      Sewer |       0 |     379 | 100.0 |       0 |      44 | 100.0
            +---------+---------+-------+---------+---------+-------

Skill      XL: |  1  2  3  4  5  6  7  8 |
---------------+-------------------------+-----
Throwing       | 1 2 3 4 |  4.5
Fighting       | 4 5 6 |  6.8
Shields        | 4 5 6 |  6.8
Armour         | 4 5 6 |  6.8
Axes           | 3 4 5 6 |  6.2

Action                     |  1- 3 |  4- 6 |  7- 9 || total
---------------------------+-------+-------+-------++-------
  Melee: War axe           |    72 |   172 |   124 ||   368
         Headbutt          |    12 |    16 |    22 ||    50
 Armour: Scale mail        |    36 |    71 |       ||   107
         Chain mail        |       |    41 |   100 ||   141
  Dodge: Dodged            |    39 |   107 |    56 ||   202
  Block: Buckler           |    15 |    50 |    36 ||   101

Illustrated notes

Table legend:
 A = Kills in this place as a percentage of kills in the entire game.
 B = Kills by you in this place as a percentage of kills by you in the entire game.
 C = Kills by friends in this place as a percentage of kills by friends in the entire game.
 D = Other kills in this place as a percentage of other kills in the entire game.
 E = Experience gained in this place as a percentage of experience gained in the entire game.
 F = Experience gained in this place divided by the number of levels of this place that you have seen.
                   A       B       C       D       E      F
               +-------+-------+-------+-------+-------+----------------------
         Total | 100.0 | 100.0 |   N/A |   N/A | 100.0 | 321.3
       Dungeon |  73.3 |  73.3 |   N/A |   N/A |  83.1 | 311.7
         Sewer |  26.7 |  26.7 |   N/A |   N/A |  16.9 | 379.0
               +-------+-------+-------+-------+-------+----------------------

Table legend: (Time is in decaauts)
 A = Elapsed time spent in this place.
 B = Non-inter-level travel time spent in this place.
 C = Inter-level travel time spent in this place.
 D = Time resting spent in this place.
 E = Time spent auto-exploring this place.
 F = Levels seen in this place.
 G = Mean time per level.
                   A        B        C        D        E       F      G
               +--------+--------+--------+--------+--------+-----+--------+
         Total |   4929 |   4831 |     98 |    320 |   3549 |   7 |  704.1 |
       Dungeon |   4177 |   4079 |     98 |    177 |   3141 |   6 |  696.2 |
         Sewer |    752 |    752 |      0 |    143 |    408 |   1 |  752.0 |
               +--------+--------+--------+--------+--------+-----+--------+

Top non-repeatable levels by time:
     D:4: 899 daAuts
     D:5: 764 daAuts
   Sewer: 752 daAuts
     D:3: 718 daAuts
     D:1: 627 daAuts
     D:6: 607 daAuts
     D:2: 561 daAuts
